 Dungeon Crawl Stone Soup version 0.32-a0-814-g0968bab981 (webtiles) character file.

Game seed: 1408319748617302869

27129 SirDancealot the Brawler (level 13, -4/120 HPs)
             Began as a Troll Berserker on Mar 23, 2024.
             Was a High Priest of Trog.
             Succumbed to barbed spike wounds
             ... on level 1 of the Spider Nest.
             The game lasted 01:21:02 (9599 turns).

SirDancealot the Brawler (Troll Berserker)          Turns: 9599, Time: 01:21:04

Health: -4/120     AC: 11    Str: 32    XL:     13   Next: 2%
Magic:  12/12      EV: 19    Int:  3    God:    Trog [*****.]
Gold:   820        SH: 10    Dex:  9    Spells: 12/12 levels left

rFire   . .          .
                       - Unarmed
rCold   . . .        Z - +2 kite shield
rNeg    . . .        i - +0 swamp dragon scales
rPois   +            (helmet restricted)
rElec   .            j - +0 cloak
rCorr   .            (gloves unavailable)
SInv    .            (boots unavailable)
Will    ++...        (no amulet) Stlth
                     E - +5 ring of evasion
HPRegen 2.20/turn    S - +5 ring of evasion
MPRegen 0.13/turn

%: no passive effects
@: lethally poisoned (-4 -> -4), strong-willed, spiked, on berserk cooldown,
regenerating, slowed, very slow
A: large, unfitting armour, claws 3, regeneration 1, shaggy fur 1, tough skin 1
a: Renounce Religion, Berserk, Trog's Hand, Brothers in Arms


You were on level 1 of the Spider Nest.
You worshipped Trog.
Trog was extremely pleased with you.
You visited 3 branches of the dungeon, and saw 13 of its levels.

You collected 820 gold pieces.

Inventory:

Hand Weapons
 u - a +4 short sword
 y - a +0 scimitar of flaming
 D - a +3 short sword of freezing
 I - the +6 long sword of the Badger {flame, +Blink Will+}
   (You found it on level 5 of the Dungeon)

   Will+:     It increases your willpower.
   +Blink:    It lets you blink.
 N - a +4 flail of holy wrath
 P - a +1 scythe of flaming
Missiles
 d - 5 silver javelins (quivered)
 M - 23 poisoned darts
 O - 8 throwing nets
Armour
 i - +0 swamp dragon scales (worn)
 j - a +0 cloak (worn)
 R - +0 steam dragon scales
 Z - a +2 kite shield (worn)
Jewellery
 r - a ring of flight
 E - a +5 ring of evasion (left claw)
 L - the ring "Tuuwkibb" {rElec rC+++ Str-3 Int+4 Dex+6}
   (You found it on level 6 of the Dungeon)

   [ring of dexterity]

   Str-3:     It affects your strength (-3).
   Int+4:     It affects your intelligence (+4).
   Dex+6:     It affects your dexterity (+6).
   rC+++:     It renders you almost immune to cold.
   rElec:     It insulates you from electricity.
 S - a +5 ring of evasion (right claw)
Talismans
 x - a flux talisman
Wands
 a - a wand of mindburst (11)
 m - a wand of polymorph (6)
 C - a wand of flame (46)
 U - a wand of charming (26)
 W - a wand of light (8)
 X - a wand of roots (12)
Scrolls
 b - 4 scrolls of poison {unknown}
 c - 10 scrolls of teleportation
 f - 3 scrolls of enchant weapon {unknown}
 g - 3 scrolls of blinking {unknown}
 h - 2 scrolls of torment {unknown}
 l - 2 scrolls of fear {unknown}
 n - a scroll of amnesia {unknown}
 o - 3 scrolls of immolation
 s - a scroll of silence
 v - a scroll of vulnerability {unknown}
 w - 3 scrolls of noise {unknown}
 J - a scroll of fog {unknown}
Potions
 e - 2 potions of brilliance
 k - a potion of might
 p - a potion of curing
 q - 3 potions of mutation {unknown}
 t - 2 potions of lignification {unknown}
 z - 3 potions of attraction {unknown}
 A - 2 potions of resistance {unknown}
 F - a potion of ambrosia
 H - a potion of enlightenment
 T - 2 potions of invisibility
 Y - a potion of haste
Miscellaneous
 B - a phial of floods


   Skills:
 + Level 5.9 Fighting
 + Level 3.7 Armour
 + Level 8.9 Dodging
 - Level 0.3 Stealth
 + Level 5.9 Shields
 + Level 17.0 Unarmed Combat


You had 12 spell levels left.
You didn't know any spells.
Your spell library was empty.

Dungeon Overview and Level Annotations

Branches:
Dungeon (10/15)            Temple (0/1) D:4            Lair (2/5) D:10
 Shoals (0/4) Lair:2       Spider (1/4) Lair:2
    Orc: D:9-12

Altars:
Ashenzari
Cheibriados
Elyvilon
Gozag
Hepliaklqana
Kikubaaqudgha
Nemelex Xobeh
Qazlal
Sif Muna
Trog
Uskayaw
Wu Jian
Xom
Yredelemnul
Zin

Shops:
D:2 :   D:8 *


Innate Abilities, Weirdness & Mutations

You are too large for most types of armour.
You have claws for hands.
Your natural rate of healing is unusually fast.
You are covered in fur. (AC +1)
You have tough skin. (AC +1)


Message History

The jumping spider leaps!
You completely miss the culicivora.
The culicivora is lightly wounded.
You feel sick. The redback misses you.
The culicivora bites you but does no damage.
The tarantella barely misses you. The redback bites you!
* * * LOW HITPOINT WARNING * * *
You block the steelbarb worm's attack.
The barbed spikes dig painfully into your body as you move.
* * * LOW HITPOINT WARNING * * *
You feel sick. The redback attacks as it pursues you!
The redback barely misses you.
The culicivora attacks as it pursues you!
The culicivora misses you.
The barbed spikes dig painfully into your body as you move.
* * * LOW HITPOINT WARNING * * *
You feel a strong urge to attack something.
You feel sick.
The steelbarb worm attacks as it pursues you!
The steelbarb worm completely misses you.
The culicivora chitters at the redback.
The redback's wounds heal themselves!
The redback attacks as it pursues you! The redback barely misses you.
The barbed spikes dig painfully into your body as you move.
* * * LOW HITPOINT WARNING * * *
You are no longer berserk.
You are exhausted.
You feel yourself slow down.
You feel sick.
The redback bites you but does no damage.
The tarantella touches you.
* * * LOW HITPOINT WARNING * * *
There is a crawl-hole back to the Lair here.
You feel sick. The redback closely misses you.
You block the jumping spider's attack. x2
You block the steelbarb worm's attack. The tarantella closely misses you.
The redback closely misses you. The culicivora misses you.
The steelbarb worm completely misses you.
The jumping spider leaps!
The barbed spikes dig painfully into your body as you move.
You die...

........##......
..#...............
................#.
.^................
..............)...
................#.
........s.....^...
.......ss.........
......°@w.........
......#.s.........
..... #......#....
#... ..#.........
..s #.####.......
.. ## #^..... .
..!.# ...


You could see a steelbarb worm, a culicivora, a jumping spider, a tarantella and
2 redbacks.

Vanquished Creatures
  The ghost of porpoise the Spear-Bearer, a journeyman DsGl of Yredelemnul (Lair:2)
  Harold (Lair:1)
  A hydra (Lair:2)
  Erica (D:10)
  2 two-headed ogres (D:9)
  A tengu warrior (D:8)
  Nergalle (Lair:2)
  The ghost of smashvw the Charlatan, a novice GnWn of Ashenzari (D:6)
  The ghost of zenocrate the Sneak, a novice OpEE (D:7)
  An arcanist (D:9)
  An ugly thing (D:8)
  Joseph (D:7)
  A wolf spider (Spider:1)
  2 black mambas (Lair:1)
  A merfolk siren (Lair:2)
  Maggie (D:10)
  4 cane toads
  An unseen horror (D:10)
  An efreet (D:9)
  3 merfolk (Lair:2)
  A troll (D:9)
  2 hornets (D:9)
  A blink frog (Lair:2)
  A dream sheep (Lair:2)
  A slime creature (D:10)
  A culicivora (Spider:1)
  Sigmund (D:6)
  2 vampires (D:9)
  6 wyverns
  46 yaks
  A basilisk (Lair:2)
  3 wraiths
  3 redbacks
  2 steam dragons
  A vampire mosquito (D:6)
  Edmund (D:6)
  9 water moccasins
  2 black bears
  4 orc warriors
  A sky beast (D:7)
  An ogre (D:6)
  7 centaurs
  5 kobold brigands
  14 bullfrogs
  4 scorpions
  6 wights
  12 killer bees
  3 howler monkeys
  2 electric eels
  4 crimson imps (D:7)
  A bombardier beetle (D:4)
  An iguana (D:4)
  3 orc priests
  A sleepcap (D:5)
  12 orc wizards
  11 gnolls
  8 adders
  2 shadow imps (D:7)
  A white imp (D:7)
  4 ribbon worms
  3 dart slugs
  28 orcs
  10 endoplasms
  4 goblins
  7 hobgoblins
  5 jackals
  4 quokkas
  8 ball pythons
  6 bats
  4 frilled lizards
  18 kobolds
  4 rats
319 creatures vanquished.

Vanquished Creatures (others)
  2 humans
  An orc priest (D:4)
  An orc wizard (D:9)
  2 adders (D:4)
  An orc (D:4)
  A hobgoblin (D:4)
8 creatures vanquished.

Grand Total: 327 creatures vanquished

Notes
Turn   | Place    | Note
-------+----------+-------------------------------------------
     0 | D:1      | SirDancealot the Troll Berserker began the quest for the
                  | Orb.
     0 | D:1      | Reached XP level 1. HP: 22/22 MP: 0/0
   274 | D:1      | You fall into a shaft and drop 1 floor!
   357 | D:2      | Reached XP level 2. HP: 22/29 MP: 1/1
   483 | D:1      | Reached XP level 3. HP: 36/36 MP: 2/2
   629 | D:1      | Found a faded altar of an unknown god.
  1069 | D:2      | Reached ** piety under Trog
  1099 | D:2      | Found Bairi's Vocational Training.
  1207 | D:2      | Reached XP level 4. HP: 44/44 MP: 3/3
  1423 | D:3      | Reached skill level 4 in Unarmed Combat
  1499 | D:3      | Reached XP level 5. HP: 52/52 MP: 4/4
  1673 | D:3      | Reached skill level 5 in Unarmed Combat
  1760 | D:3      | Found a hide-covered altar of Uskayaw.
  1761 | D:3      | Found an ancient bone altar of Kikubaaqudgha.
  1761 | D:3      | Found a glowing silver altar of Zin.
  1761 | D:3      | Found a hazy altar of Hepliaklqana.
  1762 | D:3      | Found a sparkling altar of Nemelex Xobeh.
  1762 | D:3      | Noticed a human
  1765 | D:3      | Killed a human
  1913 | D:3      | Found a snail-covered altar of Cheibriados.
  2054 | D:4      | Reached XP level 6. HP: 61/61 MP: 5/5
  2165 | D:4      | Found an opulent altar of Gozag.
  2219 | D:4      | Found a runed translucent door.
  2219 | D:4      | Noticed a human
  2243 | D:4      | Reached *** piety under Trog
  2248 | D:4      | Found a basalt altar of Yredelemnul.
  2261 | D:4      | Reached skill level 6 in Unarmed Combat
  2395 | D:4      | Killed a human
  2522 | D:4      | Reached XP level 7. HP: 67/67 MP: 6/6
  2712 | D:4      | Found a staircase to the Ecumenical Temple.
  2756 | D:5      | Entered Level 5 of the Dungeon
  2931 | D:5      | Found a bloodstained altar of Trog.
  2987 | D:5      | Identified the +6 long sword of the Badger {flame, +Blink
                  | Will+}
  3281 | D:5      | Found a shimmering blue altar of Sif Muna.
  3446 | D:5      | Found a stormy altar of Qazlal.
  3604 | D:6      | Reached skill level 7 in Unarmed Combat
  3632 | D:6      | Found a broken altar of Ashenzari.
  3694 | D:6      | Identified the ring "Tuuwkibb" {rElec rC+++ Str-3 Int+4
                  | Dex+6}
  3807 | D:6      | Reached XP level 8. HP: 78/78 MP: 7/7
  3905 | D:6      | Found a runed translucent gate.
  3905 | D:6      | Found an opulent altar of Gozag.
  3906 | D:6      | Found a runed translucent gate.
  3906 | D:6      | Found a runed translucent gate.
  3906 | D:6      | Noticed smashvw's ghost (novice GnWn)
  3997 | D:6      | Reached skill level 8 in Unarmed Combat
  4111 | D:6      | Noticed Edmund
  4115 | D:6      | Killed Edmund
  4116 | D:6      | Reached skill level 5 in Dodging
  4126 | D:6      | Noticed Sigmund
  4153 | D:6      | Killed Sigmund
  4611 | D:6      | Reached skill level 9 in Unarmed Combat
  4620 | D:6      | Killed smashvw's ghost
  4621 | D:6      | Reached XP level 9. HP: 85/85 MP: 8/8
  4627 | D:6      | Reached skill level 10 in Unarmed Combat
  4790 | D:7      | Found a runed translucent door.
  4802 | D:7      | Noticed zenocrate's ghost (novice OpEE)
  4834 | D:7      | Killed zenocrate's ghost
  4835 | D:7      | Reached skill level 11 in Unarmed Combat
  4904 | D:7      | Found a shimmering altar of Xom.
  4948 | D:7      | Reached **** piety under Trog
  5261 | D:7      | Noticed Joseph
  5279 | D:7      | Killed Joseph
  5280 | D:7      | Reached skill level 5 in Fighting
  5280 | D:7      | Reached XP level 10. HP: 96/96 MP: 9/9
  5347 | D:8      | Found an ornate altar of the Wu Jian Council.
  5388 | D:8      | Reached skill level 12 in Unarmed Combat
  5483 | D:8      | Found Xont's Gadget Gallery.
  5886 | D:8      | Noticed a brown ugly thing
  5887 | D:8      | Noticed a tengu warrior
  5904 | D:8      | Killed a tengu warrior
  5911 | D:8      | Killed a brown ugly thing
  6219 | D:9      | Reached skill level 13 in Unarmed Combat
  6248 | D:9      | Noticed a two-headed ogre
  6476 | D:9      | Reached skill level 1 in Shields
  6500 | D:9      | Reached XP level 11. HP: 91/104 MP: 10/10
  6501 | D:9      | Found a white marble altar of Elyvilon.
  6515 | D:9      | Reached skill level 14 in Unarmed Combat
  6780 | D:10     | Entered Level 10 of the Dungeon
  6822 | D:9      | Noticed a two-headed ogre
  6837 | D:9      | Killed a two-headed ogre
  6840 | D:9      | Killed a two-headed ogre
  6912 | D:9      | Noticed an arcanist
  6921 | D:9      | Killed an arcanist
  7098 | D:10     | Noticed Maggie
  7119 | D:10     | Killed Maggie
  7120 | D:10     | Reached skill level 15 in Unarmed Combat
  7215 | D:10     | Found a staircase to the Lair.
  7309 | D:10     | Noticed Erica
  7350 | D:10     | Killed Erica
  7470 | D:10     | Reached skill level 1 in Armour
  7549 | D:10     | Reached XP level 12. HP: 111/111 MP: 11/11
  7724 | Lair:1   | Entered Level 1 of the Lair of Beasts
  8132 | Lair:1   | Reached ***** piety under Trog
  8293 | Lair:1   | Noticed Harold
  8308 | Lair:1   | Killed Harold
  8310 | Lair:1   | Reached skill level 5 in Shields
  8310 | Lair:1   | Reached skill level 16 in Unarmed Combat
  8704 | Lair:2   | Found a hole to the Spider Nest.
  8783 | Lair:2   | Noticed Nergalle
  8793 | Lair:2   | Killed Nergalle
  8956 | Lair:2   | Noticed a five-headed hydra
  8957 | Lair:2   | Noticed porpoise's ghost (journeyman DsGl)
  8981 | Lair:2   | Found a transporter.
  8990 | Lair:2   | Found a transporter.
  9103 | Lair:2   | Found a staircase to the Shoals.
  9438 | Lair:2   | Killed porpoise's ghost
  9450 | Lair:2   | Killed an 11-headed hydra
  9575 | Spider:1 | Entered Level 1 of the Spider Nest
  9582 | Spider:1 | Reached XP level 13. HP: 110/120 MP: 12/12
  9588 | Spider:1 | Reached skill level 17 in Unarmed Combat
  9597 | Spider:1 | HP: 8/180 [barbs]
  9597 | Spider:1 | HP: 2/120 [tarantella (3)]
  9599 | Spider:1 | Succumbed to barbed spike wounds

Illustrated notes

Levels and vault maps discovered:
D:1:      psy_arrival_conway, layout_loops_corners,
          hellmonk_ecumenical_altar_blasted
D:2:      layout_loops_ring, nicolae_shop_vocational
D:3:      minmay_door_path, layout_rooms, tgw_kikubaaqudgha,
          mainiacjoe_overflow_paths, chequers_temple_overflow_statue_of_worship
D:4:      layout_basic, pf_just_have_faith, dk_yredelemnul_ordeal,
          lemuel_temple_firewalk_b
D:5:      layout_basic, kennysheep_little_box, overflow_temple_1_default,
          lightli_temple_of_fire, hangedman_abyss_or_decor_slice
D:6:      layout_loops_corners, evilmike_ruin_ashenzari, ebering_ghost_gozag,
          uniq_edmund, uniq_sigmund
D:7:      layout_cave_pools, led_xom_imps, ebering_ghost_reflecting_pool,
          kennysheep_generic_room_13, uniq_joseph
D:8:      kennysheep_blocky_room, layout_loops_corners,
          mainiacjoe_overflow_concentric_impassable, nicolae_shop_gadgets
D:9:      cheibrodos_ideogram_h, layout_layer_cave,
          mainiacjoe_overflow_cross_hatched
D:10:     layout_rooms, due_lair_maze_entry_diamond, uniq_maggie, uniq_erica
Lair:1:   layout_regular_city, serial_bayou_shore_a, uniq_harold
Lair:2:   layout_misc_corridors, elwin_shoals_entry_stream,
          spider_nest_entry_webs, gammafunk_ghost_arena,
          infiniplex_staircase_pool, lemuel_fruit_fields, uniq_nergalle
Spider:1: layout_spider_delve, nicolae_spider_orb_run

Skill      XL: |  1  2  3  4  5  6  7  8  9 10 11 12 13 |
---------------+----------------------------------------+-----
Dodging        | 3 4 5 6 7 8 |  8.9
Unarmed Combat | 4 5 6 7 9 11 13 15 16 17 | 17.0
Fighting       | 3 4 5 |  5.9
Shields        | 1 4 5 |  5.9
Armour         | 1 3 |  3.7
Stealth        | |  0.3

Action                     |  1- 3 |  4- 6 |  7- 9 | 10-12 | 13-15 || total
---------------------------+-------+-------+-------+-------+-------++-------
  Melee: Unarmed           |   119 |   148 |   250 |   554 |    11 ||  1082
         Punch             |     1 |     3 |    13 |     2 |       ||    19
 Invoke: Berserk           |     1 |     2 |     6 |     8 |     1 ||    18
         Trog's Hand       |       |     2 |     5 |     9 |     1 ||    17
    Use: Scroll            |     1 |     3 |     1 |     6 |       ||    11
   Stab: Sleeping          |     1 |       |     1 |       |       ||     2
 Armour: Animal skin       |    91 |   112 |    74 |       |       ||   277
         Steam dragon scal |       |       |    28 |    99 |       ||   127
         Swamp dragon scal |       |       |       |   170 |    16 ||   186
  Dodge: Dodged            |    47 |    58 |   170 |   394 |    29 ||   698
  Block: Kite shield       |       |       |       |   250 |    14 ||   264

Table legend: (Time is in decaauts)
 A = Elapsed time spent in this place.
 B = Non-inter-level travel time spent in this place.
 C = Inter-level travel time spent in this place.
 D = Time resting spent in this place.
 E = Time spent auto-exploring this place.
 F = Levels seen in this place.
 G = Mean time per level.
                   A        B        C        D        E       F      G
               +--------+--------+--------+--------+--------+-----+--------+
         Total |   9556 |   8483 |   1073 |    458 |   6027 |  13 |  735.1 |
       Dungeon |   7722 |   6933 |    789 |    310 |   4987 |  10 |  772.2 |
          Lair |   1816 |   1533 |    283 |    148 |   1039 |   2 |  908.0 |
   Spider Nest |     17 |     17 |      0 |      0 |      0 |   1 |   17.0 |
               +--------+--------+--------+--------+--------+-----+--------+

Top non-repeatable levels by time:
     D:6: 1133 daAuts
  Lair:1: 966 daAuts
     D:9: 876 daAuts
     D:8: 860 daAuts
  Lair:2: 850 daAuts
     D:1: 813 daAuts
     D:5: 810 daAuts
     D:4: 725 daAuts
     D:7: 644 daAuts
    D:10: 643 daAuts
     D:3: 623 daAuts
     D:2: 591 daAuts
Spider:1: 17 daAuts
